 Dungeon Crawl Stone Soup version 0.27.1-33-g824d729ab1 (webtiles) character file.

Game seed: 14523713843207453831

45 pkoi the Ruffian (level 3, -2/29 HPs)
             Began as a Draconian Gladiator on Dec 16, 2021.
             Frozen to death by an endoplasm (4 damage)
             ... on level 2 of the Dungeon.
             The game lasted 00:01:53 (1734 turns).

pkoi the Ruffian (Draconian Gladiator)              Turns: 1734, Time: 00:01:53

Health: -2/29      AC:  5    Str: 16    XL:     3   Next: 42%
Magic:  3/3        EV: 12    Int:  9    God:
Gold:   96         SH:  0    Dex: 12    Spells: 2/2 levels left

rFire    . . .     SeeInvis .     - Unarmed
rCold    . . .     Faith    .   (no shield)
rNeg     . . .     Spirit   .   (armour unavailable)
rPois    .         Reflect  .   a - +0 hat
rElec    .         Harm     .   (no cloak)
rCorr    .         Rampage  .   (no gloves)
Will     .....                  (no boots)
Stlth    +.........             j - amulet of the acrobat
HPRegen  0.09/turn              (no ring)
MPRegen  0.08/turn              (no ring)

@: flying, slowed, very slow
A: AC +5, unfitting armour, cold-blooded
a: no special abilities


You were on level 2 of the Dungeon.
You visited 1 branch of the dungeon, and saw 3 of its levels.

You collected 96 gold pieces.

Inventory:

Hand Weapons
 l - a +4 whip
Missiles
 b - 3 throwing nets (quivered)
 m - 11 poisoned darts
Armour
 a - a +0 hat (worn)
Jewellery
 j - an amulet of the acrobat (around neck)
Scrolls
 c - a scroll of acquirement {unknown}
 d - 2 scrolls of immolation {unknown}
 e - a scroll of noise {unknown}
 h - a scroll of fog {unknown}
 n - 2 scrolls of holy word {unknown}
Potions
 f - a potion of curing {unknown}
 g - a potion of attraction {unknown}
 i - 2 potions of mutation {unknown}
 k - a potion of invisibility {unknown}
 o - a potion of flight
 p - a potion of degeneration {unknown}


   Skills:
 - Level 2.1 Fighting
 - Level 1.7 Throwing
 - Level 2.6 Dodging
 + Level 4.5 Unarmed Combat


You had 2 spell levels left.
You didn't know any spells.
Your spell library was empty.

Dungeon Overview and Level Annotations

Branches:
Dungeon (3/15)

Altars:

Shops:
D:1 [


Innate Abilities, Weirdness & Mutations

Your plain brown scales are hard. (AC +5)
You cannot fit into any form of body armour.
You are cold-blooded and may be slowed by cold attacks.


Message History

An endoplasm comes into view.
The orc shouts!
The ball python hisses angrily.
There is a stone staircase leading down here.
You see here a worm corpse.
The ball python completely misses you. The ball python closely misses you.
You barely miss the ball python. The ball python misses you.
The ball python grabs you. The ball python constricts you.
You hit the ball python.
You kill the ball python!
You hit the orc but do no damage. The orc closely misses you.
You hit the orc but do no damage.
Your tail-slap misses the orc.
The orc hits you with a +0 flail.
You closely miss the orc. The orc hits you with a +0 flail!
* * * LOW HITPOINT WARNING * * *
You barely miss the orc. The orc hits you with a +0 flail.
* * * LOW HITPOINT WARNING * * *
You hit the orc but do no damage.
You tail-slap the orc, but do no damage.
The orc barely misses you.
You hit the orc. You tail-slap the orc.
The orc is moderately wounded.
The orc hits you but does no damage. The endoplasm freezes you.
You are frozen.
* * * LOW HITPOINT WARNING * * *
The orc completely misses you. The endoplasm misses you.
The orc priest looks satisfied for a moment.
There is a stone staircase leading up here.
The endoplasm freezes you.
You are frozen.
* * * LOW HITPOINT WARNING * * *
You feel yourself slow down.
You climb upwards.
There is a stone staircase leading down here.
It was a potion of flight.
You feel very buoyant.
You fly up into the air.
The orc barely misses you. The endoplasm freezes you.
You are frozen.
You die...

...# #.#### .### #[...##
#### ##.....## ...#
#.......# ##.##
#.......# #<.# #.......#
##.# ##.....## #.#
###...J.[.#
#.######...<..@..#
#..#.....#...o...#
####...####.......#####
.........##...........##
#.....#...........###..#
#.#########....PPPPP##.#
..# #...P≈P≈≈≈≈#.## ###
#.##P≈PP≈≈P≈..#
#..#P♣♣♣♣P≈P≈.#


You could see an orc and an endoplasm.

Vanquished Creatures
  A worm (D:3)
  2 dart slugs
  2 bats
  7 endoplasms
  2 giant cockroaches
  2 goblins
  6 hobgoblins
  2 quokkas
  3 ball pythons
  3 frilled lizards
  4 rats
34 creatures vanquished.

Notes
Turn   | Place    | Note
-------+----------+-------------------------------------------
     0 | D:1      | pkoi the Draconian Gladiator began the quest for the Orb.
     0 | D:1      | Reached XP level 1. HP: 17/17 MP: 1/1
   123 | D:1      | Reached XP level 2. HP: 17/24 MP: 2/2
   488 | D:1      | Found Manuucog's Antique Armour Shop.
   663 | D:1      | Found a faded altar of an unknown god.
   677 | D:1      | Reached skill level 4 in Unarmed Combat
  1197 | D:2      | Reached XP level 3. HP: 29/29 MP: 3/3
  1732 | D:3      | HP: 1/29 [frozen (5)]
  1734 | D:2      | Frozen to death by an endoplasm

Illustrated notes

Levels and vault maps discovered:
D:1:      lightli_arrival_statuegarden, layout_basic, serial_shops,
          nicolae_shop_statue_plus, basic_ecumenical_altar, amethyst_killhole,
          hangedman_decor_opposing
D:2:      layout_rooms, serial_bayou, serial_bayou_pond_d,
          serial_bayou_lagoon_a, serial_bayou_pond_c, serial_bayou_pond_c
D:3:      layout_rooms, nicolae_ru_the_path_less_chosen,
          grunt_temple_overflow_champion_of_chaos

Skill      XL: |  1  2 |
---------------+-------+-----
Unarmed Combat | 4 |  4.5
Fighting       | |  2.1
Throwing       | |  1.7
Dodging        | |  2.6

Action                   || total
-------------------------++-------
Melee: Unarmed           ||   113
       Tailslap          ||    16
  Use: Potion            ||     1
 Stab: Sleeping          ||     1
Armor: Skin              ||    20
Dodge: Dodged            ||    57
